 Dungeon Crawl Stone Soup version 0.29.1-12-g30fa7ad0bf (webtiles) character file.

Game seed: 11775039681836133529

4951 LustLizard the Skirmisher (level 10, -2/46 HPs)
             Began as a Spriggan Hunter on Dec 31, 2022.
             Was an Initiate of Dithmenos.
             Hit by a large rock thrown by a cyclops (24 damage)
             ... on level 8 of the Dungeon.
             The game lasted 00:24:01 (8766 turns).

LustLizard the Skirmisher (Spriggan Hunter)         Turns: 8766, Time: 00:24:01

Health: -2/46      AC:  5    Str:  7    XL:     10   Next: 28%
Magic:  0/21       EV: 18    Int: 18    God:    Dithmenos [......]
Gold:   236        SH:  0    Dex: 22    Spells: 17/23 levels left

rFire   . . .      SeeInvis +   F - +4 shortbow
rCold   . . .      Faith    .   (shield currently unavailable)
rNeg    . . .      Spirit   +   D - +2 robe {Will+}
rPois   .          Reflect  .   (helmet restricted)
rElec   .          Harm     .   i - +0 cloak
rCorr   .          Rampage  .   (gloves unavailable)
Will    ++...                   (boots unavailable)
Stlth   +++.......              J - amulet of guardian spirit
HPRegen 0.15/turn               r - ring of flight
MPRegen 0.17/turn               H - +6 ring of intelligence

@: flying, very quick
A: very small, no large weapons, unfitting armour, see invisible, speed 3
a: Renounce Religion


You were on level 8 of the Dungeon.
You worshipped Dithmenos.
Dithmenos was noncommittal.
You visited 2 branches of the dungeon, and saw 9 of its levels.

You collected 331 gold pieces.
You spent 95 gold pieces at shops.

Inventory:

Hand Weapons
 a - a +0 shortbow
 F - a +4 shortbow (weapon)
Armour
 d - a +2 robe of fire resistance
 i - a +0 cloak (worn)
 D - a +2 robe of willpower (worn)
Jewellery
 r - a ring of flight (left hand)
 s - a ring of positive energy
 H - a +6 ring of intelligence (right hand)
 J - an amulet of guardian spirit (around neck)
Wands
 l - a wand of digging (7)
 q - a wand of flame (20)
 E - a wand of roots (11)
 G - a wand of paralysis (9)
Scrolls
 b - a scroll of immolation
 f - 2 scrolls of noise {unknown}
 g - a scroll of butterflies {unknown}
 j - 2 scrolls of teleportation
 k - 4 scrolls of identify
 o - 2 scrolls of enchant armour
 u - a scroll of acquirement {unknown}
 w - 2 scrolls of silence {unknown}
 x - 2 scrolls of vulnerability {unknown}
 y - 2 scrolls of amnesia {unknown}
 B - a scroll of poison {unknown}
 C - 2 scrolls of fear {unknown}
 I - a scroll of summoning {unknown}
 L - a scroll of enchant weapon {unknown}
Potions
 c - 3 potions of brilliance
 e - 2 potions of magic
 h - 3 potions of resistance
 m - 4 potions of heal wounds
 n - a potion of flight
 p - a potion of might {unknown}
 t - 3 potions of haste
 v - a potion of berserk rage {unknown}
 z - 3 potions of ambrosia
 A - a potion of mutation {unknown}
 K - 2 potions of cancellation {unknown}


   Skills:
 - Level 1.5 Fighting
 * Level 12.7 Ranged Weapons
 - Level 2.6 Dodging
 - Level 5.0 Stealth
 - Level 7.1 Spellcasting
 - Level 2.0 Conjurations
 - Level 3.0 Air Magic
 - Level 4.0 Poison Magic


You had 17 spell levels left.
You knew the following spells:

 Your Spells              Type           Power      Damage    Failure   Level
a - Mephitic Cloud        Conj/Pois/Air  17%        N/A       10%         3
b - Inner Flame           Hex/Fire       6%         N/A       32%         3

Your spell library contained the following spells:

 Spells                   Type           Power      Damage    Failure   Level
 Magic Dart               Conj           52%        1d5       4%          1
 Call Imp                 Summ           6%         N/A       16%         2
 Olgreb's Toxic Radiance  Pois           20%        N/A       21%         4
 Gell's Gravitas          Tloc           6%         N/A       32%         3
 Teleport Other           Tloc           6%         N/A       32%         3
 Cause Fear               Hex            3%         N/A       71%         4
 Dispersal                Tloc           3%         N/A       100%        6
 Ozocubu's Refrigeration  Ice            3%         4d8       100%        7
 Discord                  Hex            3%         N/A       100%        8
 Ignition                 Fire           3%         3d4       100%        8


Dungeon Overview and Level Annotations

Branches:
Dungeon (8/15)             Temple (1/1) D:7
   Lair: D:8-11

Altars:
Ashenzari
Cheibriados
Dithmenos
Elyvilon
Fedhas
Gozag
Hepliaklqana
Kikubaaqudgha
Nemelex Xobeh
Okawaru
Qazlal
Ru
Vehumet
Xom
Yredelemnul
Zin
The Shining One

Shops:
D:2 *   D:4 !=((   D:5 *

Annotations:
D:8 exclusion: deep elf pyromancer


Innate Abilities, Weirdness & Mutations

You are very small and have problems with some larger weapons.
You are too small for most types of armour.
You have supernaturally acute eyesight. (SInv)
You cover ground extremely quickly. (Speed+++)


Message History

Aiming: Mephitic Cloud (dangerous; 10% risk of failure)
Press: ? - help, Shift-Dir - straight line, f/p - cyclops
Aim: a cyclops, quivering large rocks (moderately wounded, chance to affect: 58%)
The ball explodes into a vile cloud!
The stinking cloud engulfs the cyclops but does no damage.
The cyclops is moderately wounded.
The cyclops is engulfed in noxious fumes.
The cyclops throws a large rock.
The large rock closely misses you.
Fire: F) +4 shortbow
Press: ? - help, Q - select action, (/) - cycle Shift-Dir - straight line, f/p - cyclops
Aim: a cyclops, quivering large rocks (noxious fumes, moderately wounded, 90% to hit)
You shoot an arrow.
The arrow hits the cyclops but does no damage.
The cyclops is moderately wounded.
Fire: F) +4 shortbow
Press: ? - help, Q - select action, (/) - cycle Shift-Dir - straight line, f/p - cyclops
Aim: a cyclops, quivering large rocks (noxious fumes, moderately wounded, 90% to hit)
You shoot an arrow. The arrow hits the cyclops!
The cyclops is severely wounded.
The cyclops is engulfed in noxious fumes.
The cyclops throws a large rock.
The large rock hits you!!
Fire: F) +4 shortbow
Press: ? - help, Q - select action, (/) - cycle Shift-Dir - straight line, f/p - cyclops
Aim: a cyclops, quivering large rocks (severely wounded, 90% to hit)
You shoot an arrow. The arrow hits the cyclops.
The cyclops is severely wounded.
Unknown command.
Fire: F) +4 shortbow
Press: ? - help, Q - select action, (/) - cycle Shift-Dir - straight line, f/p - cyclops
Aim: a cyclops, quivering large rocks (noxious fumes, severely wounded, 90% to hit)
You shoot an arrow. The arrow hits the cyclops!
The cyclops is almost dead.
Fire: F) +4 shortbow
Press: ? - help, Q - select action, (/) - cycle Shift-Dir - straight line, f/p - cyclops
Aim: a cyclops, quivering large rocks (almost dead, 90% to hit)
You shoot an arrow. The arrow hits the cyclops.
The cyclops is almost dead.
The cyclops throws a large rock.
The large rock hits you!!
Ouch! That really hurt!
You die...

....#.####.#.##
###.>..#...
..#.#)# #.#.#
##.###... ....).#
#.#. #.# ####
......# #.# #.# #
##########.# #.#
...........# #.#
##########.#######
#.# #..°.C..# #..
#######@# ### #.#
#.# #.# #.#
#.################
#.................
##################


You could see a cyclops.

Vanquished Creatures
  A two-headed ogre (D:7)
  A centaur warrior (D:8)
  2 hornets (D:8)
  A yak (D:8)
  2 wyverns
  A steam dragon (D:8)
  A vampire mosquito (D:8)
  4 water moccasins
  3 orc warriors
  2 sky beasts
  An ice beast (D:6)
  An ogre (D:5)
  A black bear (D:4)
  2 centaurs (D:7)
  2 kobold brigands
  A phantom (D:6)
  2 necrophages
  4 bullfrogs
  2 scorpions (D:7)
  A wight (D:7)
  A killer bee (D:8)
  A howler monkey (D:6)
  A gnoll bouda (D:6)
  A jelly (D:6)
  A hound (D:6)
  Ijyb (D:4)
  4 iguanas
  4 orc wizards
  4 gnolls
  8 adders
  3 white imps
  4 worms
  2 dart slugs
  17 orcs
  5 ball pythons
  2 bats
  8 endoplasms
  2 giant cockroaches
  9 hobgoblins
  10 jackals
  3 quokkas
  4 frilled lizards
  3 goblins
  14 kobolds
  3 rats (D:2)
150 creatures vanquished.

Vanquished Creatures (others)
  12 plants (D:8)
12 creatures vanquished.

Grand Total: 162 creatures vanquished

Notes
Turn   | Place    | Note
-------+----------+-------------------------------------------
     0 | D:1      | LustLizard the Spriggan Hunter began the quest for the Orb.
     0 | D:1      | Reached XP level 1. HP: 10/10 MP: 2/2
    63 | D:1      | Found a faded altar of an unknown god.
   159 | D:1      | Reached XP level 2. HP: 14/14 MP: 3/3
   741 | D:1      | Reached XP level 3. HP: 18/18 MP: 4/4
   937 | D:2      | Reached skill level 5 in Ranged Weapons
   941 | D:2      | Learned a level 3 spell: Mephitic Cloud
   966 | D:2      | Reached skill level 1 in Spellcasting
  1011 | D:2      | Reached XP level 4. HP: 22/22 MP: 6/6
  1170 | D:2      | Found Alomir's General Store.
  1183 | D:2      | Bought a potion of curing for 33 gold pieces
  1183 | D:2      | Bought a potion of heal wounds for 55 gold pieces
  1296 | D:3      | Found a glowing golden altar of the Shining One.
  1511 | D:3      | Noticed a necrophage
  1544 | D:3      | Killed a necrophage
  1545 | D:3      | Reached XP level 5. HP: 25/25 MP: 8/8
  1702 | D:3      | Reached skill level 1 in Poison Magic
  1854 | D:3      | Found a sacrificial altar of Ru.
  1907 | D:4      | Found Zino Jabb's Weapon Shoppe.
  1914 | D:4      | Noticed Ijyb
  1952 | D:4      | Found Kexoz's Weapon Shoppe.
  1975 | D:3      | Reached skill level 1 in Air Magic
  2206 | D:4      | Noticed a black bear
  2220 | D:4      | Killed a black bear
  2221 | D:4      | Reached skill level 1 in Conjurations
  2221 | D:4      | Reached XP level 6. HP: 30/30 MP: 10/10
  2292 | D:4      | Found Namilova's Distillery.
  2602 | D:4      | Killed Ijyb
  2678 | D:5      | Entered Level 5 of the Dungeon
  2775 | D:4      | Found Xopoeduc's Jewellery Boutique.
  2838 | D:5      | Identified the +1 long sword of Truncation {protect, rF+}
  2994 | D:5      | Found Nienilan's CLEARANCE SALE!.
  3056 | D:5      | Bought a potion of degeneration for 7 gold pieces
  3120 | D:5      | Reached skill level 6 in Ranged Weapons
  3120 | D:5      | Reached skill level 5 in Stealth
  3120 | D:5      | Reached XP level 7. HP: 33/33 MP: 12/12
  3628 | D:6      | Noticed a wyvern
  4014 | D:6      | Killed a wyvern
  4015 | D:6      | Reached XP level 8. HP: 18/37 MP: 14/14
  4250 | D:6      | Reached skill level 7 in Ranged Weapons
  4604 | D:6      | Found a shimmering altar of Xom.
  5236 | D:7      | Noticed a two-headed ogre
  5504 | D:7      | Found a stormy altar of Qazlal.
  5888 | D:7      | Killed a two-headed ogre
  5889 | D:7      | Reached skill level 9 in Ranged Weapons
  5889 | D:7      | Reached XP level 9. HP: 41/41 MP: 16/19
  6087 | D:7      | Identified the +0 helmet of Ceff {Will+ Str+6}
  6233 | D:7      | Identified the +1 robe "Tedimacw" {rF+}
  6535 | D:7      | Found a staircase to the Ecumenical Temple.
  6544 | Temple   | Entered the Ecumenical Temple
  6783 | D:7      | Reached skill level 10 in Ranged Weapons
  6787 | D:7      | Learned a level 3 spell: Inner Flame
  7349 | D:8      | Found a basalt altar of Yredelemnul.
  7384 | D:8      | Found an opulent altar of Gozag.
  7386 | D:8      | Found a snail-covered altar of Cheibriados.
  7392 | D:8      | Found a shadowy altar of Dithmenos.
  7395 | D:8      | Found an ancient bone altar of Kikubaaqudgha.
  7397 | D:8      | Became a worshipper of Dithmenos the Shadowed
  7399 | D:8      | Found a hazy altar of Hepliaklqana.
  7403 | D:8      | Found a white marble altar of Elyvilon.
  7727 | D:8      | Reached skill level 11 in Ranged Weapons
  7738 | D:8      | Noticed a deep elf pyromancer
  7878 | D:8      | Noticed a brown ugly thing
  7979 | D:8      | Noticed a cyclops
  8065 | D:8      | Reached XP level 10. HP: 22/46 MP: 4/21
  8266 | D:8      | Reached skill level 12 in Ranged Weapons
  8296 | D:8      | Noticed a centaur warrior
  8317 | D:8      | Killed a centaur warrior
  8468 | D:8      | Noticed a brown ugly thing
  8497 | D:8      | Noticed a centaur warrior
  8766 | D:8      | Hit by a large rock thrown by a cyclops

Illustrated notes

Levels and vault maps discovered:
D:1:      dpeg_arrival_arbitrary_c, layout_loops_ring,
          hellmonk_ecumenical_altar_leap_of_faith, nrook_mini_vaults,
          hangedman_decor_slide_cut, kennysheep_pointless_box,
          minmay_misc_feat_five
D:2:      layout_rooms, serial_shops, nicolae_shop_statue_plus
D:3:      layout_basic, nicolae_ru_path_of_blood,
          mainiacjoe_overflow_tiny_flanked, minmay_misc_feat_encased
D:4:      layout_rooms, serial_shops, nicolae_stop_n_shop_1,
          nicolae_stop_n_shop_1, kennysheep_little_box, nicolae_stop_n_shop_1,
          uniq_ijyb
D:5:      layout_rooms, nicolae_shop_clearance
D:6:      layout_basic, mainiacjoe_overflow_boulevard, kennysheep_donut
D:7:      kennysheep_six_static_rooms, layout_loops_ring, grunt_qazlal_clouds,
          lemuel_temple_firewalk_b
D:8:      layout_basic, mainiacjoe_overflow_24_doors,
          nicolae_overflow_hallway_of_the_gods, minmay_shattered_shrine
Temple:   hellmonk_temple_flake

Skill      XL: |  1  2  3  4  5  6  7  8  9 10 |
---------------+-------------------------------+-----
Stealth        | 2 3 4 5 |  5.0
Ranged Weapons | 5 6 9 11 12 | 12.7
Spellcasting   | 1 2 3 6 7 |  7.1
Poison Magic   | 1 2 3 4 |  4.0
Air Magic      | 1 2 3 |  3.0
Conjurations   | 1 2 |  2.0
Fighting       | |  1.5
Dodging        | |  2.6

Action                   |  1- 3 |  4- 6 |  7- 9 | 10-12 || total
-------------------------+-------+-------+-------+-------++-------
 Fire: Shortbow          |    94 |   176 |   394 |    51 ||   715
 Cast: Mephitic Cloud    |       |       |    12 |     9 ||    21
  Use: Scroll            |     1 |     5 |     5 |     1 ||    12
       Potion            |       |       |     7 |       ||     7
Armor: Robe              |     8 |    12 |    29 |       ||    49
Dodge: Dodged            |    20 |    53 |   131 |    11 ||   215
